 Dungeon Crawl Stone Soup version 0.22-b1-21-g5cfc168 (webtiles) character file.

30 Goblin1989 the Changer (level 3, -2/26 HPs)
             Began as a Demonspawn Transmuter on Aug 5, 2018.
             Slain by a hobgoblin (4 damage)
             ... led by Robin
             ... on level 2 of the Dungeon.
             The game lasted 00:02:43 (1430 turns).

Goblin1989 the Changer (Demonspawn Transmuter)      Turns: 1430, Time: 00:02:43

Health: -2/26      AC:  2    Str: 10    XL:     3   Next: 5%
Magic:  4/6        EV: 12    Int: 15    God:
Gold:   32         SH:  0    Dex: 13    Spells: 3/6 levels left

rFire    . . .     SeeInvis .     - Unarmed
rCold    . . .     Gourm    .   (no shield)
rNeg     . . .     Faith    .   b - +0 robe
rPois    .         Spirit   .   (helmet restricted)
rElec    .         Reflect  .   (no cloak)
rCorr    .         Harm     .   (no gloves)
MR       .....                  (no boots)
Stlth    +.........             (no amulet)
HPRegen  0.08/turn              (no ring)
MPRegen  0.10/turn              (no ring)

@: very slightly contaminated
A: horns 2
a: no special abilities


You were on level 2 of the Dungeon.
You were not hungry.

You visited 1 branch of the dungeon, and saw 2 of its levels.

You collected 32 gold pieces.

Inventory:

Missiles
 a - 12 arrows
 h - 62 sling bullets
 j - 52 stones (quivered) {@Q3}
Armour
 b - a +0 robe (worn)
Scrolls
 g - a scroll of remove curse {unknown}
 i - a scroll of noise {unknown}
 k - a scroll of random uselessness {unknown}
 m - 2 scrolls of teleportation {unknown}
Potions
 l - a potion of brilliance {unknown}
Comestibles
 e - 5 rations
 n - 2 chunks of flesh


   Skills:
 - Level 1.0 Fighting
 - Level 1.7 Dodging
 - Level 2.6 Unarmed Combat
 - Level 2.0 Spellcasting
 + Level 3.2 Transmutations


You had 3 spell levels left.
You knew the following spells:

 Your Spells              Type           Power        Failure   Level  Hunger
a - Beastly Appendage     Tmut           ##....       6%          1    #......
b - Sticks to Snakes      Tmut           ##......     9%          2    ###....

Your spell library contained the following spells:

 Spells                   Type           Power        Failure   Level  Hunger
 Spider Form              Tmut/Pois      #.........   34%         3    ###....
 Blade Hands              Tmut           ##........   85%         5    ######.
 Ice Form                 Ice/Tmut       #.......     75%         4    #####..


Dungeon Overview and Level Annotations

Branches:
Dungeon (2/15)

Altars:

Annotations:
D:2 Robin


Innate Abilities, Weirdness & Mutations

You have a pair of horns on your head.


Message History

No target in view!
No target in view!
No target in view!
No target in view!
No target in view!
No target in view!
No target in view!
No target in view!
You are feeling hungry.
HP restored.
You butcher the worm corpse.
n - 3 chunks of flesh Health restored: 21 Eating one of 3 chunks of flesh.
You eat one of the 3 chunks of flesh.
This raw flesh tastes terrible.
e - 5 rations (gained 1)
You now have 32 gold pieces (gained 15).
Key pressed, stopping explore.
No target in view!
A goblin comes into view. It is wielding a dagger.
A goblin is nearby!
A goblin is nearby!
A goblin is nearby!
The goblin shouts!
You hear a shout! x2
The goblin unwields an uncursed dagger.
The goblin wields a hunting sling.
The goblin shoots a stone.
The stone hits you.
You hear a shout!
Things that are here:
a stone; a ration You take 5 damage, and have 16/21 hp.
MASSIVE DAMAGE!!
Casting: Beastly Appendage (safe; 6% risk of failure)
Confirm with . or Enter, or press ? or * to list all spells.
Your feet morph into talons.
You hear a shout! x2
You now have 4/5 mp.
Unknown command.
The goblin shoots a stone.
The stone hits you.
You see here a stone.
You take 3 damage, and have 13/21 hp.
Your transformation is almost over.
The goblin shoots a stone.
The stone hits you.
A hobgoblin comes into view.
You hear a shout!
You see here a stone.
You take 3 damage, and have 10/21 hp.
The goblin shoots a stone.
The stone closely misses you.
You see here a stone.
A goblin comes into view. It is wielding an enchanted dagger.
The goblin shouts!
You hit the goblin but do no damage. You punch the goblin.
You kill the goblin!
You closely miss the hobgoblin.
You headbutt the hobgoblin, but do no damage.
The hobgoblin hits you.
* * * LOW HITPOINT WARNING * * *
You take 5 damage, and have 6/21 hp.
MASSIVE DAMAGE!!
You hit the hobgoblin.
You headbutt the hobgoblin, but do no damage.
The hobgoblin is moderately wounded.
A hobgoblin comes into view.
The hobgoblin closely misses you.
You barely miss the hobgoblin. Your kick misses the hobgoblin.
The hobgoblin is moderately wounded.
The hobgoblin barely misses you.
You barely miss the hobgoblin. You claw the hobgoblin.
You kill the hobgoblin!
You have reached level 3!
Your experience leads to an increase in your attributes!
Increase (S)trength, (I)ntelligence, or (D)exterity?
You feel clever.
Your demonic ancestry asserts itself...
The horns on your head grow some more.
Robin of the Strong Arm comes into view.
She is wielding a club.
Casting: Beastly Appendage (safe; 6% risk of failure)
Confirm with . or Enter, or press ? or * to list all spells.
You miscast Beastly Appendage.
You are very lightly contaminated with residual magic.
Your skin tingles.
Robin roars a battlecry!
The goblins go into a battle-frenzy!
The goblin hits you with an enchanted dagger.
* * * LOW HITPOINT WARNING * * *
A goblin comes into view. It is wielding a dagger.
You take 1 damage, and have 6/26 hp.
You hit the goblin but do no damage. Your kick misses the goblin.
You headbutt the goblin.
The goblin is severely wounded.
The goblin hits you but does no damage.
A frilled lizard comes into view.
You hit the goblin but do no damage. You punch the goblin.
You kill the goblin!
Your talons disappear.
Robin throws the goblin at you!
* * * LOW HITPOINT WARNING * * *
The goblin hits you with a dagger.
* * * LOW HITPOINT WARNING * * *
You take 5 damage, and have 2/26 hp.
You hit the hobgoblin.
The hobgoblin is heavily wounded.
The hobgoblin hits you.
You die...

......██.....<.
██.....█..███..
█.........█ ███
█.........█
█.........█████
█.....█.█......
█.....█.█..███.
█.███████..███.█......
█..gg@g(((.......█.██.
██.l███(..............
█. ████.██████..███ █
█.█ █..█ █ █.█ █ █..█
█ ... . █..█ █ ███.█.
█..███ ██.█[ █...██
██....██...██


You could see Robin, a hobgoblin, a goblin and a frilled lizard.

Vanquished Creatures
  A worm (D:2)
  2 dart slugs (D:1)
  2 leopard geckos (D:1)
  3 bats (D:1)
  A giant cockroach (D:1)
  4 goblins
  2 hobgoblins
  2 kobolds (D:1)
  2 frilled lizards
  2 rats (D:2)
21 creatures vanquished.

Notes
Turn   | Place    | Note
-------+----------+-------------------------------------------
     0 | D:1      | Goblin1989 the Demonspawn Transmuter began the quest for the Orb.
     0 | D:1      | Reached XP level 1. HP: 15/15 MP: 3/3
    29 | D:1      | Reached skill level 2 in Transmutations
   306 | D:1      | Gained mutation: You have a pair of small horns on your head. [demonic ancestry]
   306 | D:1      | Reached XP level 2. HP: 19/21 MP: 5/5
  1031 | D:1      | Reached skill level 3 in Transmutations
  1225 | D:1      | Learned a level 2 spell: Sticks to Snakes
  1426 | D:2      | Gained mutation: You have a pair of horns on your head. [demonic ancestry]
  1426 | D:2      | Reached XP level 3. HP: 7/26 MP: 4/6
  1426 | D:2      | Noticed Robin
  1430 | D:2      | Slain by a hobgoblin

Skill      XL: |  1  2 |
---------------+-------+-----
Transmutations | 2 3 |  3.2
Fighting       | |  1.0
Dodging        | |  1.7
Unarmed Combat | |  2.6
Spellcasting   | |  2.0

Action                   || total
-------------------------++-------
Melee: Unarmed           ||    71
       Headbutt          ||     9
       Kick              ||     3
       Punch             ||     2
 Cast: Beastly Appendage ||     4
 Stab: Sleeping          ||     3
  Eat: Chunk             ||     2
Armor: Robe              ||    10
Dodge: Dodged            ||    37

Vault maps used:
D:1:      saegor_arrival_simple_d
D:2:      first_ration, lemuel_tele_altar, uniq_robin
